 Dungeon Crawl Stone Soup version 0.21-a0-552-g593960d (webtiles) character file.

93 Lanoc the Firebug (level 4, -1/24 HPs)
             Began as a Deep Elf Fire Elementalist on Dec 17, 2017.
             Killed from afar by an orc wizard (10 damage)
             ... with a magic dart
             ... on level 3 of the Dungeon.
             The game lasted 00:08:15 (1952 turns).

Lanoc the Firebug (Deep Elf Fire Elementalist)      Turns: 1952, Time: 00:08:16

Health: -1/24      AC:  7    Str:  5    XL:     4   Next: 36%
Magic:  1/11       EV: 13    Int: 21    God:
Gold:   146        SH:  3    Dex: 15    Spells: 1/10 levels left

rFire    . . .     SeeInvis .   (no weapon)
rCold    . . .     Gourm    .   (no shield)
rNeg     . . .     Faith    .   a - +0 robe
rPois    .         Spirit   .   l - +1 helmet
rElec    .         Reflect  +   (no cloak)
rCorr    .         Harm     .   j - +2 pair of gloves
MR       .....                  (no boots)
Stlth    ++........             g - +3 amulet of reflection
HPRegen  0.08/turn              (no ring)
MPRegen  0.12/turn              (no ring)

@: slowed, very slow
A: no striking features
a: no special abilities


You were on level 3 of the Dungeon.
You were not hungry.

You visited 1 branch of the dungeon, and saw 3 of its levels.

You collected 146 gold pieces.

Inventory:

Armour
 a - a +0 robe (worn)
 j - a +2 pair of gloves (worn)
 l - a +1 helmet (worn)
Jewellery
 g - a +3 amulet of reflection (around neck)
Scrolls
 e - 2 scrolls of teleportation
 f - a scroll of identify
 m - a scroll of enchant weapon {unknown}
 o - a scroll of amnesia {unknown}
Potions
 i - a potion of haste
 k - 2 potions of curing
 n - a potion of flight
Books
 b - a book of Flames

   Spells                             Type                      Level
   a - Flame Tongue                   Conjuration/Fire             1
   b - Throw Flame                    Conjuration/Fire             2
   c - Conjure Flame                  Conjuration/Fire             3
   d - Inner Flame                    Hexes/Fire                   3
   e - Sticky Flame                   Conjuration/Fire             4
   f - Fireball                       Conjuration/Fire             5
Comestibles
 c - 5 bread rations
 d - a meat ration


   Skills:
 + Level 3.1 Dodging
 - Level 2.4 Stealth
 + Level 3.8 Spellcasting
 + Level 1.9 Conjurations
 * Level 4.7 Fire Magic


You had one spell level left.
You knew the following spells:

 Your Spells              Type           Power        Failure   Level  Hunger
a - Flame Tongue          Conj/Fire      ###..        3%          1    None
b - Throw Flame           Conj/Fire      ###...       4%          2    #......
c - Inner Flame           Hex/Fire       ##......     14%         3    ###....
d - Conjure Flame         Conj/Fire      ###.....     10%         3    ###....


Dungeon Overview and Level Annotations

Branches:
Dungeon (3/15)

Altars:

Annotations:
D:3 Lanoc's ghost, weakling TrCK


Message History

Confirm with . or Enter, or press ? or * to list all spells.
Aiming: Flame Tongue
Press: ? - help, Shift-Dir - straight line, f/p - orc wizard
Aim: an orc wizard, wielding a dagger and wearing a glowing robe (severely wounded, fast)
The flame tongue hits the orc wizard.
The orc wizard appears unharmed.
The orc wizard is severely wounded.
The orc hits you. The orc hits you but does no damage.
Casting: Flame Tongue
Confirm with . or Enter, or press ? or * to list all spells.
Aiming: Flame Tongue
Press: ? - help, Shift-Dir - straight line, f/p - orc wizard
Aim: an orc wizard, wielding a dagger and wearing a glowing robe (severely wounded, fast)
The flame tongue hits the orc wizard.
The orc wizard resists.
The orc wizard is almost dead.
The orc wizard gestures wildly while chanting.
The orc wizard blinks!
The orc closely misses you. The orc closely misses you.
The orc wizard hits you with a dagger.
The orc wizard gestures at you while chanting.
The magic dart hits you!
You die...

.# #.#####.# .#
#.#.....# .# #.#.#####
.# ## #.#.# .# #.#
#.#.# .# #.# #.#.######
## #.# #.#[.....# ###
#o######.######.# ...
##.@.....# #.# ###
#o######## #.# ... #o##
#.# ###
#o###############.#
..o................####
###
##.###.#............
#.# #.#.#####..#### #.#
#.#.# #..#
(######.###.#.# #..#


You could see 2 orc wizards and 2 orcs.

Vanquished Creatures
  An orc priest (D:3)
  An adder (D:3)
  A dart slug (D:1)
  A leopard gecko (D:1)
  2 orcs (D:3)
  2 ball pythons
  3 giant cockroaches
  3 goblins
  5 hobgoblins
  7 jackals
  6 kobolds
  A quokka (D:2)
  3 bats
  4 frilled lizards
  4 rats (D:2)
44 creatures vanquished.

Notes
Turn   | Place    | Note
-------+----------+-------------------------------------------
     0 | D:1      | Lanoc the Deep Elf Fire Elementalist began the quest for the Orb.
     0 | D:1      | Reached XP level 1. HP: 10/10 MP: 6/6
   455 | D:1      | Reached XP level 2. HP: 15/15 MP: 2/8
   655 | D:1      | Reached skill level 4 in Fire Magic
   670 | D:1      | Learned a level 2 spell: Throw Flame
   883 | D:2      | Reached XP level 3. HP: 19/19 MP: 6/9
  1104 | D:2      | Learned a level 3 spell: Inner Flame
  1410 | D:3      | Noticed Lanoc's ghost (weakling TrCK)
  1694 | D:2      | Learned a level 3 spell: Conjure Flame
  1724 | D:3      | Reached XP level 4. HP: 24/24 MP: 7/11
  1952 | D:3      | Killed from afar by an orc wizard

Vault maps used:
D:1:      dpeg_arrival_refuge, hex_tiny
D:3:      first_bread

Skill      XL: |  1  2  3 |
---------------+----------+-----
Fire Magic     | 4 |  4.7
Dodging        | 3 |  3.1
Stealth        | |  2.4
Spellcasting   | |  3.8
Conjurations   | |  1.9

Action                   |  1- 3 |  4- 6 || total
-------------------------+-------+-------++-------
Melee: Unarmed           |    18 |       ||    18
 Cast: Flame Tongue      |    70 |    24 ||    94
  Use: Scroll            |     6 |       ||     6
  Eat: Chunk             |     2 |     1 ||     3
Armor: Robe              |    21 |     2 ||    23
Dodge: Dodged            |    57 |     7 ||    64

Table legend:
 A = Spawn XP
 B = Non-spawn XP
 C = Spawn XP percentage of total XP
 D = Spawn monster count
 E = Non-spawn monster count
 F = Spawn count percentage of total count
 G = Total turns spent on level
                    A         B        C        D         E        F      G
               +---------+---------+-------+---------+---------+-------+---------
         Total |       0 |     133 |   0.0 |       0 |      44 |   0.0 |  1952
               +---------+---------+-------+---------+---------+-------+---------
           D:1 |       0 |      18 |   0.0 |       0 |       8 |   0.0 |   658
           D:2 |       0 |      32 |   0.0 |       0 |      21 |   0.0 |   736
           D:3 |       0 |      83 |   0.0 |       0 |      15 |   0.0 |   558
               +---------+---------+-------+---------+---------+-------+---------
